Unix NetHack Version 3.7.0-89 Work-in-progress - last build Oct 29 2023 02:39:45 (20cca84197b74dff38aa9bb07c633f6875ef724d,branch:master). Game began 2023-10-27 11:27:49, ended 2023-10-29 20:11:08. death501, lawful female dwarven Valkyrie -------- |..E@..| |......| |.[....| ------------- ####.......| |[........."|# # ------.- |.....).....-######## ##### |. -----...|# ### | |...| # |(..| ######## |...| + -...| . ....| ... ..."| ... ------ .... .... ------ Death501 the Skirmisher St:12 Dx:13 Co:18 In:9 Wi:8 Ch:11 Lawful Dlvl:8 $:320 HP:0(54) Pw:8(8) AC:2 Xp:5/265 T:3485 Hallu Latest messages: The killer bee stings! The killer bee turns to flee. In what direction? j The door closes. You stop searching. You stop searching. The centipede bites! You miss the centipede. You hit the centipede! You miss the centipede. You miss the centipede. The centipede bites! You kill the centipede! Pick an object. You find a hidden passage. The door opens. Pick an object. You hit the violet fungus! You hit the violet fungus. You hit the violet fungus! You kill the violet fungus! There is a violet fungus corpse here; eat it? y This violet fungus corpse tastes okay. You finish eating the violet fungus corpse. Oh wow! Great stuff! The small megabat misses! The blancmange bites! You already found a monster. Use 'm' prefix to force another search. You hit the winter wolf. The titan bites! The orc mummy bites! You miss the forest centaur. The harpy bites! You hit the master mind flayer! The raven bites! The wild haggis bites! You hit Dudley! The dwarf lord bites! You climb up the stairs. Something is written here in the dust. You read: "Elbereth". You descend the stairs. The green mold bites! The leprechaun bites! You die... Do you want your possessions identified? y Do you want to see your attributes? y Do you want an account of creatures vanquished? y Do you want to see your conduct and achievements? y Do you want to see the dungeon overview? y Inventory: Coins $ - 320 gold pieces Weapons x - 10 +0 darts b - a corroded +0 dagger (at the ready) a - a +1 dwarvish spear (weapon in hand) p - a +0 axe Armor G - an uncursed corroded +0 orcish helm c - a blessed +3 small shield (being worn) B - an uncursed +0 mummy wrapping (being worn) y - an uncursed +0 scale mail (being worn) Comestibles j - an uncursed food ration f - 2 uncursed lembas wafers named c? k - 2 uncursed tripe rations named c? Scrolls E - an uncursed scroll of confuse monster named !c m - an uncursed scroll of destroy armor named c? g - a blessed scroll of enchant weapon named !c l - an uncursed scroll of identify named c? D - an uncursed scroll of scare monster named doggo turns to flee Spellbooks A - an uncursed spellbook of detect food s - an uncursed spellbook of magic mapping Potions i - an uncursed potion of hallucination n - an uncursed potion of healing named c? C - a blessed potion of object detection Rings H - a cursed ring of aggravate monster named c? e - an uncursed +2 ring of increase damage Wands r - a wand of cold named wand of cold (0:4) t - a wand of make invisible (0:3) Tools o - an uncursed bell named RIP doggo w - a can of grease (0:21) h - an uncursed tin whistle named telepathy, poison Gems/Stones u - 2 uncursed amethyst stones v - an uncursed worthless piece of black glass q - an uncursed worthless piece of green glass Death501 the Valkyrie's attributes: Background: You were a Skirmisher, a level 5 dwarven Valkyrie. You were lawful, nominally on a mission for Tyr who was opposed by Odin (neutral) and Loki (chaotic). You were in the Dungeons of Doom, on level 8. You entered the dungeon 3485 turns ago. There was a full moon in effect when your adventure ended. You had 265 experience points, 55 more were needed to attain level 6. Basics: You had 0 out of 54 hit points. You had all 8 energy points (spell power). Your armor class was 2. Your wallet contained 320 zorkmids. Autopickup was on for '$' plus thrown. Final Characteristics: Your strength was 12 (peak:17, limit:18/100). Your dexterity was 13 (limit:20). Your constitution was 18 (limit:20). Your intelligence was 9 (limit:16). Your wisdom was 8 (limit:16). Your charisma was 11 (limit:16). Final Status: You were hallucinating. You weren't hungry. You were unencumbered. You were wielding a spear. You had basic skill with spear. Final Attributes: You were piously aligned. You were cold resistant. You were poison resistant. You were telepathic. You had infravision. You were stealthy. You were warded. You were lucky. You are dead. Miscellaneous: You encountered 1 bones level. Total elapsed playing time was 1 hour, 2 minutes and 5 seconds. Major events: Turn 1: death501 the lawful dwarven Valkyrie entered the dungeon 1365: entered the Gnomish Mines 1503: attained the rank of Skirmisher (level 3) 3485: killed by a hallucinogen-distorted housecat Vanquished creatures: a giant spider a dingo a white unicorn a rock mole 2 yellow lights a violet fungus a kobold mummy an elf zombie a little dog 2 floating eyes 2 kobold leaders 2 rothes a centipede a monkey a killer bee 2 acid blobs a hobgoblin a giant rat a green mold a red mold a gecko 5 jackals a kobold a goblin 2 sewer rats 4 grid bugs 3 lichens 2 newts 44 creatures vanquished. No species were genocided or became extinct. Voluntary challenges: You were an atheist. You read items or engraved 10 times. You engraved Elbereth 9 times. You never genocided any monsters. You never polymorphed an object. You never changed form. You used no wishes. Achievements: You entered the Gnomish Mines. You attained the rank of Skirmisher. The Dungeons of Doom: levels 1 to 8 Level 1: A fountain. Level 2: Level 3: Stairs down to The Gnomish Mines. Level 4: A fountain. Level 5: A grave. Level 6: Some fountains. Level 7: Level 8: <- You were here. Final resting place for you, killed by a hallucinogen-distorted housecat. The Gnomish Mines: Level 4: Final resting place for killer-Tou-Hum-Fem-Neu, killed by a dwarf. Game over: ---------- / \ / REST \ / IN \ / PEACE \ / \ | death501 | | 320 Au | | killed by a | | hallucinogen-dis | | torted housecat | | | | 2023 | *| * * * | * _________)/\\_//(\/(/\)/\//\/|_)_______ Farvel death501 the Valkyrie... You died in The Dungeons of Doom on dungeon level 8 with 1698 points, and 320 pieces of gold, after 3485 moves. You were level 5 with a maximum of 54 hit points when you died.